 Dungeon Crawl Stone Soup version 0.22-a0-409-gb855193 (webtiles) character file.

18314 TheGoonsmith the Protected (level 12, -7/106 HPs)
             Began as a Hill Orc Fire Elementalist on May 10, 2018.
             Was the Champion of Cheibriados.
             Mangled by Urug
             ... wielding a +6 halberd
              (16 damage)
             ... on level 3 of the Lair of Beasts.
             The game lasted 00:28:58 (16773 turns).

TheGoonsmith the Protected (HOFE)                  Turns: 16773, Time: 00:28:58

Health: -7/106     AC: 17    Str: 31    XL:     12   Next: 57%
Magic:  11/19      EV: 16    Int: 35    God:    Cheibriados [******]
Gold:   586        SH:  0    Dex: 26    Spells: 8/21 levels left

rFire    . . .     SeeInvis .   A - +4 great sword (freeze)
rCold    + . .     Gourm    .   (shield currently unavailable)
rNeg     . . .     Faith    .   u - +5 ring mail "Reyrphow" {Str+3 Int+2}
rPois    .         Spirit   .   (no helmet)
rElec    .         Reflect  .   s - +0 cloak
rCorr    .         Harm     .   k - +1 pair of gloves
MR       .....                  v - +0 pair of boots
Stlth    ++........             (no amulet)
HPRegen  0.27/turn              (no ring)
MPRegen  0.16/turn              i - ring of protection from cold

@: very slow
A: no striking features
a: Bend Time, Temporal Distortion, Slouch, Step From Time, Renounce Religion


You were on level 3 of the Lair of Beasts.
You worshipped Cheibriados.
Cheibriados was exalted by your worship.
You were not hungry.

You visited 3 branches of the dungeon, and saw 14 of its levels.

You collected 793 gold pieces.
You spent 207 gold pieces at shops.

Inventory:

Hand Weapons
 e - a +2 dagger of venom
 x - a +0 battleaxe
 A - a +4 great sword of freezing (weapon)
Armour
 a - a +0 robe
 k - a +1 pair of gloves (worn)
 s - a +0 cloak (worn)
 u - the +5 ring mail "Reyrphow" (worn) {Str+3 Int+2}
   (You bought it in a shop on level 5 of the Dungeon)

   It affects your strength (+3).
   It affects your intelligence (+2).
 v - a +0 pair of boots (worn)
Jewellery
 b - an uncursed ring of ice
 i - a ring of protection from cold (right hand)
 G - a cursed -3 ring of slaying {unknown}
 H - an uncursed amulet of guardian spirit
 L - an uncursed ring of magical power {unknown}
Wands
 p - a wand of iceblast (18)
 y - a wand of digging (13)
 D - a wand of flame (13)
 I - a wand of acid (9)
Scrolls
 l - a scroll of fog
 m - 3 scrolls of remove curse
 o - 5 scrolls of amnesia
 q - 3 scrolls of teleportation
 r - 5 scrolls of identify
 C - a scroll of enchant weapon
 F - a scroll of summoning
 J - a scroll of fear
 K - a scroll of blinking
Potions
 d - 2 potions of might
 f - 2 potions of resistance
 g - a potion of ambrosia
 h - 6 potions of lignification
 j - 2 potions of magic
 n - a potion of curing
 t - 2 potions of cancellation
 w - 2 potions of mutation
 z - a potion of flight
 B - a potion of brilliance {unknown}
 E - a potion of agility
 M - a potion of heal wounds {unknown}
Comestibles
 c - 13 rations


   Skills:
 + Level 9.8 Fighting
 - Level 6.0 Long Blades
 - Level 10.0 Armour
 - Level 5.0 Dodging
 - Level 1.5 Stealth
 - Level 5.1 Spellcasting
 - Level 8.1 Conjurations
 - Level 9.1 Fire Magic
 - Level 8.0 Invocations


You had 8 spell levels left.
You knew the following spells:

 Your Spells              Type           Power        Failure   Level  Hunger
a - Flame Tongue          Conj/Fire      #####        1%          1    None
c - Conjure Flame         Conj/Fire      ######..     1%          3    None
f - Fireball              Conj/Fire      ######....   4%          5    #####..
s - Sticky Flame          Conj/Fire      ######..     1%          4    ###....


Dungeon Overview and Level Annotations

Branches:
Dungeon (10/15)            Temple (1/1) D:4            Lair (3/6) D:8
  Swamp: Lair:2-4    Shoals: Lair:2-4     Snake: Lair:2-4    Spider: Lair:2-4
    Orc: D:9-12

Altars:
Ashenzari
Cheibriados
Dithmenos
Elyvilon
Fedhas
Gozag
Hepliaklqana
Kikubaaqudgha
Makhleb
Nemelex Xobeh
Okawaru
Qazlal
Ru
Sif Muna
Trog
Uskayaw
Vehumet
Wu Jian
Xom
Yredelemnul
Zin
The Shining One
Beogh

Shops:
D:5 [:

Annotations:
Lair:3 Urug


Message History

You slash Urug! You freeze Urug.
Urug is heavily wounded.
Urug burns! x2
Urug hits you with an enchanted halberd!! x2
You hit Urug but do no damage.
Urug is heavily wounded.
Urug hits you with an enchanted halberd!!
* * * LOW HITPOINT WARNING * * *
Unknown command.
You feel better.
Urug burns!
Urug hits you with an enchanted halberd.
* * * LOW HITPOINT WARNING * * *
You hit Urug. You freeze Urug.
Urug is severely wounded.
Urug burns! x2
Urug hits you with an enchanted halberd!
* * * LOW HITPOINT WARNING * * *
You feel better.
Urug burns!
Urug hits you with an enchanted halberd!
You die...

##
#.##+#########
#...........#
#..(..o.....#
##....@......P
#P...........#
#...<.........
##.(.........#
##(.........#
##..........
#..........
##........#
#..#####.


You could see Urug (burning).

Vanquished Creatures
  Harold (Lair:1)
  A hydra (D:6)
  A two-headed ogre (D:6)
  Erica (Lair:2)
  Sonja (Lair:2)
  The ghost of busb the Transmogrifier, a novice OpWn of Ru (D:8)
  2 black mambas
  A gargoyle (D:10)
  A centaur skeleton (D:10)
  5 spiny frogs (Lair:2)
  A kobold demonologist (D:9)
  3 komodo dragons
  A polar bear (Lair:2)
  A hornet (Lair:2)
  4 hippogriffs
  9 blink frogs
  A wyvern (Lair:1)
  5 yaks
  A basilisk (Lair:2)
  A hungry ghost (D:10)
  A soldier ant (D:10)
  2 water moccasins
  5 black bears
  An ice beast (D:8)
  7 orc warriors
  A sky beast (D:8)
  5 phantoms
  An eye of draining (D:5)
  6 ogres
  5 crocodiles
  The ghost of TheGoonsmith the Conjurer, an amateur DsWz of Sif Muna (D:4)
  10 centaurs
  2 big kobolds
  4 bullfrogs
  5 elf skeletons (D:4)
  5 scorpions
  4 killer bees (D:8)
  5 wights (D:7)
  A howler monkey (D:10)
  2 human zombies (D:4)
  3 jellies
  7 hounds
  8 orc priests
  10 orc wizards
  A bullfrog skeleton (D:9)
  2 human skeletons (D:4)
  Natasha (thrice) (D:3)
  4 iguanas
  7 worker ants
  A hound zombie (D:6)
  A hound skeleton (D:6)
  A howler monkey zombie (D:5)
  A worker ant zombie (D:4)
  2 gnolls (D:9)
  A howler monkey skeleton (D:9)
  16 adders
  A shadow imp (D:7)
  2 oozes
  An adder zombie (D:8)
  2 adder skeletons
  A worm (D:4)
  5 dart slugs
  6 leopard geckos
  55 orcs
  3 bat zombies (D:5)
  11 giant cockroaches
  7 goblins
  10 hobgoblins
  11 jackals
  2 quokkas
  2 ball pythons
  5 bats
  3 frilled lizards
  16 kobolds
  A leopard gecko skeleton (D:6)
  A leopard gecko zombie (D:4)
  2 orc zombies (D:4)
  A quokka skeleton (D:4)
  A quokka zombie (D:6)
  7 rats
  4 rat zombies (D:5)
343 creatures vanquished.

Vanquished Creatures (others)
  36 fungi
  39 plants
75 creatures vanquished.

Grand Total: 418 creatures vanquished

Notes
Turn   | Place    | Note
-------+----------+-------------------------------------------
     0 | D:1      | TheGoonsmith the Hill Orc Fire Elementalist began the quest for the Orb.
     0 | D:1      | Reached XP level 1. HP: 14/14 MP: 3/3
   573 | D:1      | Reached XP level 2. HP: 20/20 MP: 1/4
  1046 | D:1      | Reached XP level 3. HP: 26/26 MP: 4/6
  1669 | D:2      | Reached XP level 4. HP: 33/33 MP: 5/7
  2442 | D:3      | Noticed Natasha
  2449 | D:3      | Killed Natasha
  2694 | D:3      | Reached XP level 5. HP: 32/38 MP: 3/8
  2843 | D:3      | Reached skill level 5 in Fire Magic
  2944 | D:3      | Noticed a centaur
  2954 | D:3      | Killed a centaur
  2954 | D:3      | Reached XP level 6. HP: 12/45 MP: 6/9
  3254 | D:3      | Noticed Natasha
  3257 | D:3      | Killed Natasha
  3281 | D:3      | Noticed Natasha
  3285 | D:3      | Killed Natasha
  3520 | D:4      | Reached skill level 1 in Fighting
  3539 | D:4      | Learned a level 4 spell: Sticky Flame
  3961 | D:4      | Found a staircase to the Ecumenical Temple.
  3980 | D:4      | Noticed TheGoonsmith's ghost (amateur DsWz)
  3989 | D:4      | Killed TheGoonsmith's ghost
  3989 | D:4      | Reached XP level 7. HP: 37/55 MP: 3/10
  3991 | Temple   | Entered the Ecumenical Temple
  4278 | Temple   | Became a worshipper of Cheibriados the Contemplative
  4318 | D:4      | Learned a level 3 spell: Conjure Flame
  4632 | D:4      | Reached skill level 5 in Conjurations
  4941 | D:4      | Reached XP level 8. HP: 61/61 MP: 4/12
  5576 | D:5      | Entered Level 5 of the Dungeon
  5694 | D:5      | Learned a level 5 spell: Fireball
  5840 | D:5      | Found a radiant altar of Vehumet.
  5911 | D:5      | Found Jastis's Antique Armour Emporium.
  5926 | D:5      | Reached * piety under Cheibriados
  5929 | D:5      | Bought an ichor-stained ring mail for 207 gold pieces
  5963 | D:5      | Found a hide-covered altar of Uskayaw.
  5971 | D:5      | Found Rehistra's Book Boutique.
  6401 | D:5      | Identified the +5 ring mail "Reyrphow" {Str+3 Int+2} (You bought it in a shop on level 5 of the Dungeon)
  6649 | D:5      | Found an ancient bone altar of Kikubaaqudgha.
  6766 | D:6      | Reached ** piety under Cheibriados
  6811 | D:6      | Reached XP level 9. HP: 72/72 MP: 4/15
  6931 | D:6      | Reached skill level 5 in Fighting
  7477 | D:6      | Reached skill level 1 in Armour
  7483 | D:6      | Reached skill level 2 in Armour
  7723 | D:6      | Reached *** piety under Cheibriados
  7727 | D:6      | Reached skill level 3 in Armour
  7738 | D:6      | Noticed a seven-headed hydra
  7743 | D:6      | Killed a seven-headed hydra
  7743 | D:6      | Reached skill level 6 in Armour
  8000 | D:6      | Noticed a two-headed ogre
  8007 | D:6      | Killed a two-headed ogre
  8007 | D:6      | Reached skill level 8 in Armour
  8007 | D:6      | Reached XP level 10. HP: 60/81 MP: 6/16
  8192 | D:7      | Found a shattered altar of Ashenzari.
  8213 | D:7      | Reached skill level 1 in Invocations
  8332 | D:7      | Found a deep blue altar of Sif Muna.
  8332 | D:7      | Found a burning altar of Makhleb.
  8337 | D:7      | Found an opulent altar of Gozag.
  8339 | D:7      | Found a shadowy altar of Dithmenos.
  8340 | D:7      | Found a blossoming altar of Fedhas.
  9076 | D:7      | Reached skill level 5 in Invocations
  9363 | D:7      | Found a runed door.
  9607 | D:7      | Reached **** piety under Cheibriados
 10165 | D:7      | Found a roughly hewn altar of Beogh.
 10788 | D:8      | Noticed busb's ghost (novice OpWn)
 10804 | D:8      | Killed busb's ghost
 11241 | D:8      | Reached XP level 11. HP: 69/94 MP: 6/17
 11509 | D:8      | Found a staircase to the Lair.
 11940 | D:9      | Reached ***** piety under Cheibriados
 12702 | D:10     | Entered Level 10 of the Dungeon
 13007 | D:10     | Reached skill level 1 in Long Blades
 13384 | Lair:1   | Entered Level 1 of the Lair of Beasts
 13866 | Lair:1   | Noticed Harold
 13873 | Lair:1   | Killed Harold
 13873 | Lair:1   | Reached skill level 5 in Spellcasting
 14473 | Lair:2   | Noticed Sonja
 14477 | Lair:2   | Killed Sonja
 14477 | Lair:2   | Reached skill level 9 in Armour
 14477 | Lair:2   | Reached XP level 12. HP: 98/103 MP: 1/19
 14558 | Lair:2   | Reached skill level 5 in Long Blades
 14993 | Lair:2   | Reached ****** piety under Cheibriados
 15059 | Lair:2   | Reached skill level 5 in Dodging
 15208 | Lair:2   | Noticed Erica
 15216 | Lair:2   | Killed Erica
 15793 | Lair:2   | Reached skill level 10 in Armour
 16226 | Lair:3   | Noticed Urug
 16772 | Lair:3   | HP: 3/106 [Urug/enchanted halberd (13)]
 16773 | Lair:3   | Mangled by Urug

Vault maps used:
D:1:      dpeg_arrival_concentric_ovals
D:3:      uniq_natasha
D:4:      minmay_temple_entry_junction_2, nicolae_ossuary_entry_catacombs,
          hangedman_abyss_or_decor_passed
D:5:      vehumet_crystals, nicolae_overflow_crystal_walls,
          lemuel_zombie_altar_kikubaaqudgha, first_ration, serial_shops, shop,
          shop
D:6:      kb_rosetta
D:7:      ashenzari_conservatory_becter, chequers_temple_overflow_minitemple,
          lightli_church_of_beogh
D:8:      grunt_lair_entry_orc_guard_hut
D:10:     cheibrodos_iron_armory
Temple:   nicolae_temple_figure_eight
Lair:1:   uniq_harold
Lair:2:   minmay_lair_venomous_thicket, minivault_27, uniq_sonja, uniq_erica
Lair:3:   minmay_shoals_entry_lonely_mermaid, nicolae_spider_entry_orb_guardian,
          minmay_lair_oklob_chamber, uniq_urug, uniq_rupert

Skill      XL: |  1  2  3  4  5  6  7  8  9 10 11 12 |
---------------+-------------------------------------+-----
Spellcasting   | 2 3 4 5 |  5.1
Conjurations   | 2 3 4 5 6 7 8 |  8.1
Fire Magic     | 4 5 6 7 8 9 |  9.1
Fighting       | 2 4 5 8 9 |  9.8
Armour         | 8 9 10 | 10.0
Invocations    | 8 |  8.0
Dodging        | 4 5 |  5.0
Long Blades    | 4 6 |  6.0
Stealth        | |  1.5

Action                   |  1- 3 |  4- 6 |  7- 9 | 10-12 || total
-------------------------+-------+-------+-------+-------++-------
Melee: Dagger            |    45 |    34 |    70 |    18 ||   167
       Great sword       |       |       |       |   232 ||   232
 Cast: Flame Tongue      |    30 |    96 |   221 |   260 ||   607
       Conjure Flame     |       |       |     3 |     2 ||     5
       Sticky Flame      |       |       |     6 |    46 ||    52
       Fireball          |       |       |       |    11 ||    11
Invok: Slouch            |       |       |       |     1 ||     1
  Use: Scroll            |     3 |     6 |     4 |    14 ||    27
       Potion            |       |     2 |       |     3 ||     5
 Stab: Sleeping          |       |       |       |     1 ||     1
  Eat: Chunk             |     3 |     9 |     6 |    23 ||    41
       Ration            |       |       |     1 |     1 ||     2
Armor: Robe              |     7 |     5 |    13 |       ||    25
       Ring mail         |     3 |    25 |    57 |   309 ||   394
Dodge: Dodged            |    30 |    51 |   109 |   382 ||   572
       Rpst.: Great sword |       |       |       |   101 ||   101

Table legend:
 A = Spawn XP
 B = Non-spawn XP
 C = Spawn XP percentage of total XP
 D = Spawn monster count
 E = Non-spawn monster count
 F = Spawn count percentage of total count
 G = Total turns spent on level
                    A         B        C        D         E        F      G
               +---------+---------+-------+---------+---------+-------+---------
         Total |       0 |   26164 |   0.0 |       0 |     343 |   0.0 | 16773
               +---------+---------+-------+---------+---------+-------+---------
           D:1 |       0 |      45 |   0.0 |       0 |      23 |   0.0 |  1415
           D:2 |       0 |      51 |   0.0 |       0 |      22 |   0.0 |   802
           D:3 |       0 |     334 |   0.0 |       0 |      20 |   0.0 |  1228
           D:4 |       0 |     952 |   0.0 |       0 |      30 |   0.0 |  1831
           D:5 |       0 |     827 |   0.0 |       0 |      28 |   0.0 |  1181
           D:6 |       0 |    3167 |   0.0 |       0 |      35 |   0.0 |  1803
           D:7 |       0 |    1691 |   0.0 |       0 |      42 |   0.0 |  1712
           D:8 |       0 |    2851 |   0.0 |       0 |      38 |   0.0 |  1824
           D:9 |       0 |    1923 |   0.0 |       0 |      34 |   0.0 |   651
          D:10 |       0 |    1769 |   0.0 |       0 |      22 |   0.0 |   637
        Lair:1 |       0 |    4034 |   0.0 |       0 |      14 |   0.0 |  1038
        Lair:2 |       0 |    8520 |   0.0 |       0 |      35 |   0.0 |  2330
               +---------+---------+-------+---------+---------+-------+---------
